AoeStats
← [GDL] Maldito Pantoja

Fortress

508101505Analyzed
4v4 RM · 12d ago on Sep 20, 2026· 33m 17s· 8 players
Game mode
Random Map
Map size
Huge
Population
200
Speed
Normal
Resources
Standard
Victory
Conquest
Starting age
Dark Age
Ending age
Imperial Age
RankedLock teamsTeams togetherTeam positionsShared explorationLock speedFull tech treeHidden civsTurbo modeCheats
Victory
Defeat
🇨🇱 Koreans · Chile
1227
+15
🇧🇷 Italians · Brazil
1208
+16
🇲🇽 Huns · Mexico
1185
+17
🇨🇱 Turks · Chile
1151
+18
🇺🇸 Vietnamese · United States
1260
-19
🇺🇸 Goths · United States
1185
-16
🇫🇷 Hindustanis · France
1184
-16
🇲🇽 Jurchens · Mexico
1160
-15
alwinmonteiro
7:28 Feudal Age
12:39 Castle Age
10:57 Double-Bit Axe
11:08 Horse Collar
13:25 Padded Archer Armor
13:16 Fletching
14:26 Bow Saw
15:00 Heavy Plow
15:26 Town Watch
17:59 Wheelbarrow
17:15 Loom
18:25 Bodkin Arrow
23:24 Gold Mining
24:18 Leather Archer Armor
25:46 Scale Mail Armor
25:57 Forging
28:21 Imperial Age
26:50 Hand Cart
26:52 Chain Mail Armor
28:29 Iron Casting
28:55 Squires
28:41 Arson
30:56 Chemistry
30:17 Ballistics
31:30 Plate Mail Armor
32:01 Blast Furnace
31:34 Heated Shot
32:43 Bracer
33:13 Ring Archer Armor
[GDL] Maldito Pantoja
5:58 Feudal Age
6:40 Double-Bit Axe
7:02 Horse Collar
9:02 Wheelbarrow
12:09 Loom
14:31 Castle Age
13:49 Gold Mining
15:46 Marauders
16:08 Husbandry
20:42 Scale Barding Armor
21:34 Forging
24:25 Gold Shaft Mining
25:43 Heavy Plow
25:56 Bow Saw
30:23 Imperial Age
28:25 Bloodlines
29:44 Chain Barding Armor
31:06 Hand Cart
31:12 Cavalier
32:13 Conscription
33:27 Iron Casting
[GT] Burok
7:11 Feudal Age
8:26 Loom
11:25 Castle Age
9:31 Double-Bit Axe
9:52 Horse Collar
10:56 Scale Mail Armor
11:52 Forging
14:02 Squires
16:06 Bow Saw
18:16 Iron Casting
23:02 Chain Mail Armor
26:04 Arson
30:49 Imperial Age
29:21 Fletching
31:08 Bodkin Arrow
31:28 Capped Ram
33:27 Plate Mail Armor
Whast | Ku The Last
7:17 Feudal Age
11:09 Castle Age
18:09 Imperial Age
16:13 Horse Collar
16:40 Double-Bit Axe
IronButton64833
0:57 Loom
1:41 Loom
7:35 Feudal Age
8:08 Double-Bit Axe
9:47 Horse Collar
12:28 Castle Age
13:26 Bow Saw
13:22 Heavy Plow
16:26 Scale Mail Armor
18:23 Wheelbarrow
19:28 Pikeman
22:04 Chain Mail Armor
23:03 Forging
24:55 Hand Cart
28:02 Imperial Age
26:01 Padded Archer Armor
25:53 Fletching
27:02 Hand Cart
26:50 Elite Skirmisher
27:42 Bodkin Arrow
28:56 Leather Archer Armor
29:24 Conscription
30:24 Bracer
31:13 Perfusion
32:04 Halberdier
Ux'RaulitoMD
8:25 Feudal Age
7:54 Loom
9:44 Double-Bit Axe
9:42 Horse Collar
12:46 Castle Age
10:55 Fletching
12:07 Wheelbarrow
11:30 Town Watch
18:37 Bodkin Arrow
21:16 Guard Tower
22:33 Scale Mail Armor
26:23 Squires
27:02 Masonry
32:14 Imperial Age
30:04 Hand Cart
31:19 Ballistics
31:13 Fortified Wall
31:05 Gold Mining
31:28 Scale Barding Armor
31:38 Forging
31:58 Heavy Plow
32:29 Chain Mail Armor
32:44 Fortified Bastions
33:51 Conscription
34:07 Hoardings
MrSmiley
3:15 Loom
8:31 Feudal Age
8:49 Feudal Age
12:17 Castle Age
11:22 Double-Bit Axe
11:20 Horse Collar
13:19 Bow Saw
13:12 Heavy Plow
13:51 Gold Mining
17:25 Fletching
18:57 Crossbowman
20:05 Bodkin Arrow
20:31 Padded Archer Armor
21:54 Ballistics
21:46 Town Watch
22:37 Wheelbarrow
24:39 Leather Archer Armor
24:40 Thumb Ring
25:33 Thumb Ring
Rhum
7:40 Feudal Age
11:45 Castle Age
10:45 Double-Bit Axe
10:40 Horse Collar
11:55 Wheelbarrow
15:06 Scale Mail Armor
18:24 Chain Mail Armor
18:45 Arson
21:45 Hand Cart
22:02 Town Watch
22:02 Loom
27:26 Fletching
29:40 Forging
31:14 Iron Casting
32:49 Scale Barding Armor
Connection lost

Rejoining the realm…

Still unreachable

The connection could not be restored.

Session expired

The server has moved on; the page needs a fresh start.